AoeStats
← 农夫累

Nomad

510317320Analyzed
4v4 RM · 2d ago on Sep 30, 2026· 41m 15s· 8 players
Game mode
Random Map
Map size
231×231
Population
200
Speed
Normal
Resources
Standard
Victory
Conquest
Starting age
Dark Age
Ending age
Imperial Age
RankedLock teamsTeams togetherTeam positionsShared explorationLock speedFull tech treeHidden civsTurbo modeCheats
Victory
Defeat
🇨🇳 Persians · China
1545
+9
🇨🇳 Maya · China
1454
+13
🇨🇳 Franks · China
1383
+16
🇨🇳 Vietnamese · China
1223
+21
🇨🇳 Koreans · China
1420
-17
🇻🇳 Poles · Vietnam
1415
-16
🇩🇪 Mongols · Germany
1375
-15
🇪🇸 Berbers · Spain
1291
-11
hermelin*?
4:35 Loom
12:48 Feudal Age
14:00 Fishing Lines
17:23 Castle Age
15:29 Double-Bit Axe
18:02 Gold Mining
18:25 Bow Saw
19:12 Fletching
19:54 Bodkin Arrow
20:08 Husbandry
26:59 Padded Archer Armor
27:04 Scale Barding Armor
28:23 Bloodlines
33:16 Town Watch
34:03 Gillnets
38:15 Imperial Age
38:53 Wheelbarrow
41:23 Chemistry
40:50 Leather Archer Armor
41:30 Bracer
|GaoeG| flamingo
4:09 Loom
15:27 Feudal Age
19:50 Castle Age
20:13 Double-Bit Axe
20:11 Horse Collar
20:24 Fletching
21:12 Bow Saw
22:04 Gold Mining
25:26 Bodkin Arrow
27:28 Bloodlines
28:55 Husbandry
30:40 Kasbah
31:27 Padded Archer Armor
32:04 Heavy Plow
32:33 Leather Archer Armor
33:14 Town Watch
34:06 Wheelbarrow
38:09 Ballistics
41:30 Imperial Age
tychodalat
10:18 Loom
12:31 Feudal Age
13:02 Double-Bit Axe
20:07 Castle Age
18:08 Horse Collar
18:18 Gold Mining
18:40 Fishing Lines
20:58 Gillnets
22:28 Bow Saw
29:36 Pikeman
38:44 Scale Mail Armor
38:54 Forging
39:50 Chain Mail Armor
39:26 Fletching
39:36 Padded Archer Armor
我不吃牛肉
14:06 Feudal Age
14:51 Double-Bit Axe
21:07 Castle Age
22:19 Pikeman
23:28 Loom
30:00 Forging
32:19 Scale Mail Armor
37:30 Fishing Lines
40:36 Gold Mining
Bz_
6:49 Loom
12:48 Feudal Age
18:05 Castle Age
XHK
5:35 Loom
13:35 Feudal Age
17:25 Castle Age
15:39 Double-Bit Axe
17:33 Forging
18:53 Bow Saw
24:54 Scale Barding Armor
26:25 Husbandry
26:50 Chain Barding Armor
30:10 Gold Mining
33:27 Gold Shaft Mining
34:37 Wheelbarrow
33:48 Town Watch
38:08 Imperial Age
36:45 Hand Cart
38:20 Iron Casting
38:09 Cavalier
39:27 Plate Barding Armor
39:15 Conscription
39:35 Paladin
42:13 Blast Furnace
农夫累
3:55 Loom
14:27 Feudal Age
15:07 Double-Bit Axe
15:17 Gold Mining
18:03 Castle Age
15:56 Stone Mining
16:33 Fletching
17:00 Padded Archer Armor
19:03 Bow Saw
18:49 Bodkin Arrow
23:57 Wheelbarrow
24:51 Leather Archer Armor
25:17 Ballistics
25:40 Horse Collar
28:46 Town Watch
29:25 Hand Cart
34:33 Imperial Age
33:43 Stone Shaft Mining
35:17 Bracer
35:40 Conscription
36:43 Chemistry
38:01 Ring Archer Armor
38:32 Elite Plumed Archer
41:24 Thumb Ring
XZ
4:38 Loom
13:04 Feudal Age
13:54 Double-Bit Axe
18:27 Castle Age
19:16 Scale Barding Armor
19:24 Bow Saw
19:42 Husbandry
20:56 Horse Collar
22:24 Bloodlines
24:51 Wheelbarrow
25:32 Chain Barding Armor
26:05 Forging
28:39 Heavy Plow
29:40 Gold Mining
29:38 Town Watch
31:00 Stone Mining
36:53 Imperial Age
34:43 Hand Cart
35:31 Iron Casting
36:21 Stone Shaft Mining
36:42 Fletching
36:36 Treadmill Crane
37:55 Paper Money
37:09 Cavalier
39:17 Two-Man Saw
40:14 Plate Barding Armor
Connection lost

Rejoining the realm…

Still unreachable

The connection could not be restored.

Session expired

The server has moved on; the page needs a fresh start.